 Dungeon Crawl Stone Soup version 0.31.0-1-g2c135a008e (webtiles) character file.

Game seed: 1083215424201214329

191 qw the Shooter (level 6, -11/46 HPs)
             Began as a Djinni Hunter on Jan 23, 2024.
             Was an Initiate of Okawaru.
             Mangled by an iguana (12 damage)
             ... on level 4 of the Dungeon.
             The game lasted 00:00:11 (2695 turns).

qw the Shooter (Djinni Hunter)                      Turns: 2695, Time: 00:00:12

Health: -11/46     AC:  5    Str: 10    XL:     6   Next: 2%
Gold:   23         EV: 11    Int: 11    God:    Okawaru [......] SH:  0 Dex: 18

rFire   + + .        a - +2 shortbow
rCold   x . .        (shield currently unavailable)
rNeg    . . .        d - +0 ring mail
rPois   inf          (no helmet)
rElec   .            (no cloak)
rCorr   .            (no gloves)
SInv    .            (boots unavailable)
Will    .....        (no amulet)
Stlth   +            (no ring)
HPRegen 0.27/turn    (no ring)
MPRegen 0.00/turn

%: infuse magic (-12 HP)
@: about to teleport, flying
A: sickness immunity, fire resistance 2, cold vulnerability 1, float, innate
caster, HP casting, extra vitality 1
a: Renounce Religion


You were on level 4 of the Dungeon.
You worshipped Okawaru.
Okawaru was noncommittal.
You visited 2 branches of the dungeon, and saw 5 of its levels.

You collected 192 gold pieces.
You spent 169 gold pieces at shops.


Innate Abilities, Weirdness & Mutations

You are immune to sickness and miasma.
You are immune to poison.
Your flesh is very heat resistant. (rF++)
You are vulnerable to cold. (rC-)
You float through the air rather than walking.
You learn spells naturally, not from books.
Your magical power is your life essence.
You have superior vitality. (+4 MHP)


   Skills:
 - Level 3.1 Fighting
 - Level 5.0 Ranged Weapons
 - Level 1.0 Armour
 + Level 2.3 Dodging
 - Level 0.7 Stealth


You knew the following spells:

 Your Spells              Type           Power      Damage    Failure   Level
a - Magic Dart            Conj           0%         1d3       65%         1
b - Momentum Strike       Conj/Tloc      0%         3d8       80%         2
Your spell library was empty.

Inventory:

Hand Weapons
 a - a +2 shortbow (weapon)
Armour
 d - a +0 ring mail (worn)
Scrolls
 c - 2 scrolls of teleportation
Potions
 e - a potion of haste
 f - a potion of mutation {unknown}
 g - a potion of magic {unknown}
 h - a potion of heal wounds {unknown}
 j - a potion of brilliance {unknown}
 m - a potion of berserk rage {unknown}

Dungeon Overview and Level Annotations

Branches:
Dungeon (4/15)             Temple (1/1) D:4

Altars:
Ashenzari
Cheibriados
Fedhas
Gozag
Makhleb
Nemelex Xobeh
Okawaru
Qazlal
Trog
Wu Jian
Xom
Yredelemnul
Zin
The Shining One

Shops:
D:1 [   D:4 ?**


Message History

An iguana comes into view.
You shoot an arrow.
The arrow hits the iguana but does no damage.
You shoot an arrow. Something hits you but does no damage.
You shoot an arrow. Something hits you.
You hear some strange, mumbled words.
You are confused.
You hear some strange, mumbled words.
Something tries to affect you, but you resist.
Something hits you. The iguana bites you! The iguana closely misses you.
Something hits you but does no damage. Something hits you but does no damage.
The iguana bites you but does no damage.
The iguana barely misses you. Something hits you but does no damage.
The iguana bites you! Something completely misses you.
You feel less confused. Something hits you. The iguana closely misses you.
You shoot an arrow. The arrow barely misses the iguana.
Something hits you. The iguana completely misses you.
You shoot an arrow.
The arrow hits the iguana but does no damage.
Something hits you but does no damage. The iguana closely misses you.
You shoot an arrow. The arrow hits the iguana.
The iguana is lightly wounded.
The iguana closely misses you. Something hits you but does no damage.
The iguana misses you.
You hear some strange, mumbled words.
A puff of flame appears from out of thin air!
The puff of flame misses you.
You shoot an arrow. The arrow barely misses the iguana.
The iguana bites you! Something hits you but does no damage.
2694 ||| READING 3 scrolls of teleportation.
As you read the scroll of teleportation, it crumbles to dust.
You feel strangely unstable. The iguana bites you!
Something hits you but does no damage.
You shoot an arrow. The arrow closely misses the iguana.
The iguana bites you!
You die...

.....# .....## ....).#
#### ##. ...##.####..#
#... ...##..##...# #?...
...###...##.## ..)(.)
...##..####..# #......
........####.####l......
###..#...###..#.@{# #
#..###..........#
###..##..#####...(#
.##..#...#..##....#
............##.....#
...!)....._.##..#..#
...###......##..#....
..## ##..#..##........
..# ##.####.... ...#


You could see an iguana.

Vanquished Creatures
  An orc priest (D:4)
  A hound (D:4)
  2 adders (D:4)
  3 gnolls (D:2)
  2 dart slugs (D:1)
  A ribbon worm (D:2)
  5 orcs
  13 ball pythons
  9 endoplasms
  3 giant cockroaches
  4 hobgoblins
  8 kobolds
  3 quokkas
  5 bats
  5 frilled lizards
  3 goblins
  10 rats
78 creatures vanquished.

Notes
Turn   | Place    | Note
-------+----------+-------------------------------------------
     0 | D:1      | qw the Djinni Hunter began the quest for the Orb.
     0 | D:1      | Reached XP level 1. HP: 18/18 MP: 0/0
     0 | D:1      | 0 ||| qw: Version: 0.3-a-136-gdd3b4e8
     0 | D:1      | 0 ||| qw: Game counter: 1006
     0 | D:1      | 0 ||| qw: Melee chars always use a shield: true
     0 | D:1      | 0 ||| qw: God list: Okawaru
     0 | D:1      | 0 ||| qw: Allow faded altars: false
     0 | D:1      | 0 ||| qw: Do Orc after clearing Dungeon:15 true
     0 | D:1      | 0 ||| qw: Do second Lair branch before Depths: true
     0 | D:1      | 0 ||| qw: Lair rune preference: random
     0 | D:1      | 0 ||| qw: Goals: Normal
     0 | D:1      | 0 ||| PLANNING D:1-11
   153 | D:1      | Reached XP level 2. HP: 23/23 MP: 0/0
   224 | D:1      | Found Xoivep's Antique Armour Boutique.
   230 | D:1      | 230 ||| SHOPLISTING embroidered hat (224 gold, have 8).
   230 | D:1      | 230 ||| SHOPLISTING ring mail (128 gold, have 8).
   230 | D:1      | 230 ||| SHOPLISTING steaming cloak (304 gold, have 8).
   298 | D:1      | Reached XP level 3. HP: 28/28 MP: 0/0
   298 | D:1      | Learned a level 1 spell: Magic Dart
   306 | D:1      | Reached skill level 4 in Ranged Weapons
   746 | D:1      | 746 ||| READING scroll labelled IPSETI CAATA.
   746 | D:1      | 746 ||| IDENTIFYING fuming blue potion
   747 | D:1      | 747 ||| READING scroll labelled ZOVUGI WUTUUC.
   748 | D:1      | 748 ||| READING scroll labelled VUUTON XANAVA.
   748 | D:1      | 748 ||| ENCHANTING +0 shortbow.
   749 | D:1      | 749 ||| READING scroll labelled CASKAO TOSEO.
   750 | D:1      | 750 ||| READING 3 scrolls labelled GUJITH PAIGG.
   751 | D:1      | 751 ||| READING scroll labelled WAIQAI POERPH.
   755 | D:1      | 755 ||| READING scroll labelled DONNYR NEYRAA.
   755 | D:1      | 755 ||| ENCHANTING +1 shortbow.
   756 | D:1      | 756 ||| DRINKING 2 grey potions.
   757 | D:1      | 757 ||| DROPPING scroll of butterflies.
   758 | D:1      | 758 ||| DROPPING potion of attraction.
   759 | D:1      | 759 ||| DROPPING potion of degeneration.
   760 | D:1      | 760 ||| DROPPING 2 scrolls of fear.
   894 | D:2      | 894 ||| RETREEEEATING.
   897 | D:2      | 897 ||| RETREEEEATING.
   898 | D:2      | 898 ||| RETREEEEATING.
   899 | D:2      | 899 ||| RETREEEEATING.
   900 | D:2      | 900 ||| RETREEEEATING.
   903 | D:2      | 903 ||| RETREEEEATING.
   907 | D:2      | Reached XP level 4. HP: 17/34 MP: 0/0
   910 | D:2      | Reached skill level 3 in Fighting
   910 | D:2      | 910 ||| FLEEEEING.
   911 | D:2      | 911 ||| FLEEEEING.
   912 | D:2      | 912 ||| FLEEEEING.
   913 | D:2      | 913 ||| FLEEEEING.
   914 | D:2      | 914 ||| FLEEEEING.
   915 | D:2      | 915 ||| FLEEEEING.
  1767 | D:2      | 1767 ||| UPGRADING to +0 ring mail.
  1777 | D:2      | 1777 ||| DROPPING +0 leather armour.
  1778 | D:2      | 1778 ||| READING scroll labelled DUASEHOARGH.
  1779 | D:2      | 1779 ||| READING scroll labelled ZEUBBA JIOMA.
  1780 | D:2      | 1780 ||| READING scroll labelled LAATAA VAID.
  1903 | D:3      | 1903 ||| READING scroll of enchant weapon.
  1903 | D:3      | 1903 ||| ENCHANTING +1 shortbow.
  1986 | D:3      | Reached skill level 1 in Armour
  1986 | D:3      | Reached XP level 5. HP: 40/40 MP: 0/0
  1986 | D:3      | Learned a level 2 spell: Momentum Strike
  2200 | D:3      | 2200 ||| READING scroll of identify.
  2200 | D:3      | 2200 ||| IDENTIFYING dark potion
  2422 | D:4      | Found Zack's Assorted Antiques.
  2430 | D:4      | 2430 ||| BUYING scroll of teleportation (60 gold).
  2430 | D:4      | Bought a scroll of teleportation for 60 gold pieces
  2475 | D:4      | Found a staircase to the Ecumenical Temple.
  2476 | D:4      | 2476 ||| PLANNING TEMPLE
  2481 | D:4      | Reached skill level 5 in Ranged Weapons
  2486 | D:4      | Found Miacroda's Assorted Antiques.
  2489 | Temple   | Found a transporter.
  2489 | Temple   | Found a transporter.
  2489 | Temple   | Found a transporter.
  2489 | Temple   | Found a transporter.
  2489 | Temple   | Entered the Ecumenical Temple
  2490 | Temple   | 2490 ||| PLANNING D:1-11
  2527 | D:4      | Found Pached's Magic Scroll Boutique.
  2528 | D:4      | 2528 ||| BUYING 2 fizzy white potions (54 gold).
  2528 | D:4      | Bought 2 fizzy white potions for 54 gold pieces
  2528 | D:4      | 2528 ||| SHOPLISTING brass wand (120 gold, have 58).
  2528 | D:4      | 2528 ||| BUYING green potion (27 gold).
  2528 | D:4      | Bought a green potion for 27 gold pieces
  2535 | D:4      | 2535 ||| BUYING scroll of identify (28 gold).
  2535 | D:4      | Bought a scroll of identify for 28 gold pieces
  2535 | D:4      | 2535 ||| SHOPLISTING scroll of identify (28 gold, have 3).
  2535 | D:4      | 2535 ||| SHOPLISTING scroll of teleportation (42 gold, have
                  | 3).
  2552 | D:4      | Found an iron altar of Okawaru.
  2553 | D:4      | 2553 ||| PLANNING OKAWARU WORSHIP
  2553 | D:4      | 2553 ||| READING scroll of identify.
  2553 | D:4      | 2553 ||| IDENTIFYING silvery potion
  2554 | D:4      | 2554 ||| DRINKING 2 fizzy white potions.
  2555 | D:4      | 2555 ||| DRINKING potion of curing.
  2555 | D:4      | 2555 ||| (to cure confusion)
  2556 | D:4      | 2556 ||| DROPPING potion of ambrosia.
  2565 | D:4      | Became a worshipper of Warmaster Okawaru
  2566 | D:4      | 2566 ||| PLANNING D:1-11
  2675 | D:4      | Reached XP level 6. HP: 46/46 MP: 0/0
  2693 | D:4      | HP: 9/46 [iguana (7)]
  2694 | D:4      | 2694 ||| READING 3 scrolls of teleportation.
  2694 | D:4      | HP: 1/46 [iguana (8)]
  2695 | D:4      | Mangled by an iguana

Levels and vault maps discovered:
D:1:      minmay_arrival_split_and_join, layout_loops_ring, serial_shops, shop,
          minmay_3d_cube
D:2:      layout_basic, grunt_decor_arrowhead, chequers_serial_rivers_micro_c,
          minmay_pentomino_q2
D:3:      layout_rooms, minmay_distorted
D:4:      layout_layer_cave, mainiacjoe_overflow_alcove_1,
          mainiacjoe_overflow_divided_tiny, minmay_temple_entry_proselytizer,
          serial_shops, nicolae_shop_pleasant_corner_grove,
          nicolae_shop_statue_plus, nicolae_stop_n_shop_1
Temple:   hellmonk_temple_divided_pantheon

Skill      XL: |  1  2  3  4  5 |
---------------+----------------+-----
Ranged Weapons | 4 5 |  5.0
Fighting       | 3 |  3.1
Armour         | 1 |  1.0
Dodging        | |  2.3
Stealth        | |  0.7

Action                     |  1- 3 |  4- 6 || total
---------------------------+-------+-------++-------
   Fire: Shortbow          |    85 |   144 ||   229
    Use: Scroll            |     7 |     7 ||    14
         Potion            |     1 |     2 ||     3
 Armour: Leather armour    |     9 |     6 ||    15
         Ring mail         |       |    59 ||    59
  Dodge: Dodged            |    15 |    53 ||    68

Table legend:
 A = Non-vault XP
 B = Vault XP
 C = Vault XP percentage of total XP
 D = Non-vault monster count
 E = Vault monster count
 F = Vault count percentage of total count
                 A         B        C        D         E       F
            +---------+---------+-------+---------+---------+-------
      Total |     219 |      55 |  20.1 |      68 |      10 |  12.8
            +---------+---------+-------+---------+---------+-------
        D:1 |      38 |       5 |  11.6 |      22 |       4 |  15.4
        D:2 |      73 |       2 |   2.7 |      20 |       2 |   9.1
        D:3 |      28 |       4 |  12.5 |      17 |       3 |  15.0
        D:4 |      80 |      44 |  35.5 |       9 |       1 |  10.0
            +---------+---------+-------+---------+---------+-------
